 Dungeon Crawl Stone Soup version 0.21-a0-264-g3e31e41 (console) character file.

350 rin1221 the Digger (level 6, -4/36 HPs)
             Began as a Gargoyle Earth Elementalist on Sept 8, 2017.
             Slain by an iguana (8 damage)
             ... on level 4 of the Dungeon.
             The game lasted 00:16:05 (4469 turns).

rin1221 the Digger (Gargoyle Earth Elementalist)    Turns: 4469, Time: 00:16:06

Health: -4/36      AC:  6    Str: 12    XL:     6   Next: 60%
Magic:  6/10       EV: 12    Int: 17    God:
Gold:   165        SH:  0    Dex: 10    Spells: 5/11 levels left

rFire    . . .     SeeInvis .   i - +0 whip
rCold    . . .     Gourm    .   (no shield)
rNeg     + . .     Faith    .   c - +0 robe
rPois    ∞         Spirit   .   (no helmet)
rElec    +         Reflect  .   (no cloak)
rCorr    .         Harm     .   (no gloves)
MR       .....                  (no boots)
Stlth    ++........             (no amulet)
HPRegen  0.12/turn              (no ring)
MPRegen  0.12/turn              (no ring)

@: no status effects
A: negative energy resistance 1, electricity resistance, unbreathing,
petrification resistance, rot immunity, AC +4
a: no special abilities


You were on level 4 of the Dungeon.
You were not hungry.

You visited 1 branch of the dungeon, and saw 4 of its levels.

You collected 165 gold pieces.

Inventory:

Hand Weapons
 i - a +0 whip (weapon)
 n - a +0 hunting sling
Missiles
 b - 222 stones (quivered)
 o - 20 sling bullets
 p - 2 javelins
Armour
 c - a +0 robe (worn)
Jewellery
 k - an uncursed amulet of faith {unknown}
 l - an uncursed ring of poison resistance {unknown}
 t - a +3 ring of strength {unknown}
Scrolls
 f - 2 scrolls of noise
 s - a scroll of identify
 v - a scroll of recharging {unknown}
 w - 2 scrolls of fog {unknown}
Potions
 a - a potion of magic {unknown}
 g - a potion of invisibility {unknown}
 h - a potion of curing {unknown}
 j - a potion of ambrosia
 m - a potion of mutation {unknown}
 u - a potion of heal wounds {unknown}
Books
 e - a book of Geomancy

   Spells                             Type                      Level
   a - Sandblast                      Earth                        1
   b - Passwall                       Transmutation/Earth          2
   c - Stone Arrow                    Conjuration/Earth            3
   d - Petrify                        Transmutation/Earth          4
   e - Lee's Rapid Deconstruction     Earth                        5
Comestibles
 d - 4 bread rations
 q - a meat ration
 r - 3 chunks of flesh


   Skills:
 + Level 2.5 Fighting
 + Level 1.7 Maces & Flails
 + Level 1.1 Throwing
 * Level 2.8 Dodging
 - Level 2.1 Stealth
 * Level 3.1 Spellcasting
 + Level 1.5 Conjurations
 + Level 1.7 Transmutations
 + Level 4.3 Earth Magic


You had 5 spell levels left.
You knew the following spells:

 Your Spells              Type           Power        Failure   Level  Hunger
a - Sandblast             Erth           ###...       2%          1    None
b - Passwall              Tmut/Erth      ##........   8%          2    ##.....
c - Stone Arrow           Conj/Erth      ##....       16%         3    ###....


Dungeon Overview and Level Annotations

Branches:
Dungeon (4/15)
 Temple: D:4-7

Altars:
Hepliaklqana
Okawaru
Ru


Innate Abilities, Weirdness & Mutations

You are resistant to torment.
Your stone body is resilient. (AC +4)
You are immune to poison.
You resist negative energy. (rN+)
You are resistant to electric shocks. (rElec)
You can survive without breathing.
You are immune to petrification.
You are immune to rotting.


Message History

* * * LOW HITPOINT WARNING * * *
Casting: Sandblast
Confirm with . or Enter, or press ? or * to list all spells.
Aiming: Sandblast
Press: ? - help, Shift-Dir - straight line, f - iguana
Aim: an iguana The blast of sand hits the iguana.
The iguana is lightly wounded.
b - 223 stones The iguana misses you.
Casting: Sandblast
Confirm with . or Enter, or press ? or * to list all spells.
Aiming: Sandblast
Press: ? - help, Shift-Dir - straight line, f/p - iguana
Aim: an iguana (lightly wounded)
The blast of sand hits the iguana.
The iguana is moderately wounded.
b - 222 stones The iguana bites you!
You die...

..#...............
............######
............+
#####.......#
#.......#
#..(....#
#.......#
#.......#
##.#########
#...........
#..l@.......
#...........
#...........
.............
###...........
#...........
#...........
#........... # #


You could see an iguana.

Vanquished Creatures
  An ogre (D:4)
  A crimson imp (D:3)
  A centaur skeleton (D:4)
  A worker ant (D:4)
  A worker ant zombie (D:3)
  A gnoll (D:3)
  4 adders
  A howler monkey skeleton (D:4)
  An ooze (D:1)
  6 worms
  5 dart slugs
  3 leopard geckos
  An orc (D:3)
  A ball python (D:1)
  9 bats
  2 giant cockroaches
  5 hobgoblins
  4 jackals (D:1)
  9 kobolds
  3 quokkas
  5 frilled lizards
  11 goblins
  9 rats
85 creatures vanquished.

Notes
Turn   | Place    | Note
-------+----------+-------------------------------------------
     0 | D:1      | rin1221 the Gargoyle Earth Elementalist began the quest for the Orb.
     0 | D:1      | Reached XP level 1. HP: 10/10 MP: 3/3
   578 | D:1      | Reached XP level 2. HP: 5/16 MP: 1/5
   802 | D:1      | Learned a level 2 spell: Passwall
   841 | D:1      | Reached skill level 1 in Fighting
  1107 | D:1      | Reached skill level 1 in Transmutations
  1169 | D:1      | Reached XP level 3. HP: 19/20 MP: 6/6
  1231 | D:1      | Learned a level 3 spell: Stone Arrow
  1947 | D:2      | Reached XP level 4. HP: 25/25 MP: 4/7
  2040 | D:2      | Reached skill level 1 in Conjurations
  3173 | D:3      | Reached skill level 4 in Earth Magic
  3173 | D:3      | Reached XP level 5. HP: 29/30 MP: 3/8
  3481 | D:3      | Found a hazy altar of Hepliaklqana.
  3681 | D:3      | Reached skill level 1 in Maces & Flails
  3813 | D:3      | Found a sacrificial altar of Ru.
  3963 | D:3      | Found an iron altar of Okawaru.
  4111 | D:4      | Noticed an ogre
  4123 | D:4      | Killed an ogre
  4123 | D:4      | Reached skill level 1 in Throwing
  4123 | D:4      | Reached XP level 6. HP: 26/36 MP: 4/10
  4469 | D:4      | Slain by an iguana

Vault maps used:
D:1:      eino_arrival_cavern_d, nrook_uturn
D:2:      first_bread
D:3:      lemuel_round_altar, lemuel_doored_altar, okawaru_altar_gauntlet_db
D:4:      minmay_ruined_shrine

Skill      XL: |  1  2  3  4  5  6 |
---------------+-------------------+-----
Fighting       | 1 2 |  2.5
Dodging        | 2 |  2.8
Transmutations | 1 |  1.7
Conjurations   | 1 |  1.5
Earth Magic    | 4 |  4.3
Maces & Flails | 1 |  1.7
Throwing       | 1 |  1.1
Spellcasting   | 3 |  3.1
Stealth        | |  2.1

Action                   |  1- 3 |  4- 6 || total
-------------------------+-------+-------++-------
Melee: Unarmed           |    18 |       ||    18
       Whip              |   116 |   290 ||   406
       Club              |    18 |       ||    18
 Cast: Sandblast         |     7 |    27 ||    34
  Use: Scroll            |     1 |     4 ||     5
 Stab: Sleeping          |     1 |     5 ||     6
  Eat: Chunk             |     4 |     8 ||    12
Armor: Robe              |    62 |   108 ||   170
Dodge: Dodged            |   120 |   200 ||   320

Table legend:
 A = Spawn XP
 B = Non-spawn XP
 C = Spawn XP percentage of total XP
 D = Spawn monster count
 E = Non-spawn monster count
 F = Spawn count percentage of total count
 G = Total turns spent on level
                    A         B        C        D         E        F      G
               +---------+---------+-------+---------+---------+-------+---------
         Total |       0 |     500 |   0.0 |       0 |      85 |   0.0 |  4469
               +---------+---------+-------+---------+---------+-------+---------
           D:1 |       0 |      63 |   0.0 |       0 |      28 |   0.0 |  1770
           D:2 |       0 |      67 |   0.0 |       0 |      23 |   0.0 |  1390
           D:3 |       0 |     133 |   0.0 |       0 |      26 |   0.0 |   980
           D:4 |       0 |     237 |   0.0 |       0 |       8 |   0.0 |   329
               +---------+---------+-------+---------+---------+-------+---------
